 Dungeon Crawl Stone Soup version 0.27.1-4-g1640c2035a (webtiles) character file.

Game seed: 10475845651258656276

5245 zeram the Impaler (level 10, -9/69 (70) HPs)
             Began as a Merfolk Fighter on Nov 11, 2021.
             Mangled by a cyan ugly thing (12 damage)
             ... on level 8 of the Dungeon.
             The game lasted 00:16:46 (7552 turns).

zeram the Impaler (Merfolk Fighter)                 Turns: 7552, Time: 00:16:48

HP:   -9/69 (70)    AC: 12    Str: 17    XL:     10   Next: 62%
MP:   10/10         EV:  6    Int: 11    God:
Gold: 529           SH: 10    Dex: 13    Spells: 9/9 levels left

rFire    . . .     SeeInvis .   a - +0 trident (venom)
rCold    . . .     Faith    .   c - +1 kite shield
rNeg     + . .     Spirit   .   g - +0 plate armour
rPois    .         Reflect  .   (no helmet)
rElec    .         Harm     .   l - +0 cloak
rCorr    .         Rampage  .   (no gloves)
Will     .....                  (no boots)
Stlth    ..........             x - amulet of regeneration
HPRegen  1.21/turn              f - +4 ring of evasion
MPRegen  0.12/turn              e - ring of positive energy

@: lightly drained
A: (nimble swimmer 2), mertail
a: no special abilities


You were on level 8 of the Dungeon.
You visited 2 branches of the dungeon, and saw 10 of its levels.
You also visited: Ossuary.

You collected 529 gold pieces.

Inventory:

Hand Weapons
 a - a +0 trident of venom (weapon)
Armour
 b - a +0 scale mail
 c - a +1 kite shield (worn)
 g - a +0 plate armour (worn)
 l - a +0 cloak (worn)
 E - a +2 robe of willpower
Magical Staves
 D - a staff of cold
Jewellery
 d - an amulet of the acrobat
 e - a ring of positive energy (right hand)
 f - a +4 ring of evasion (left hand)
 i - a +6 ring of dexterity
 w - a ring of positive energy
 x - an amulet of regeneration (around neck)
 z - a +6 ring of strength
 C - a ring of protection from fire
Wands
 s - a wand of mindburst (9)
Scrolls
 y - a scroll of summoning
 A - 2 scrolls of teleportation
 B - a scroll of amnesia
 F - a scroll of holy word
 G - a scroll of enchant armour
 H - a scroll of torment {unknown}
Potions
 h - 4 potions of attraction
 j - a potion of brilliance
 k - 2 potions of heal wounds
 m - a potion of mutation {unknown}
 n - 3 potions of degeneration {unknown}
 o - 5 potions of curing {unknown}
 p - a potion of lignification {unknown}
 q - a potion of haste {unknown}
 r - a potion of magic {unknown}
 t - 3 potions of flight {unknown}
 u - 2 potions of berserk rage {unknown}
Miscellaneous
 v - a phantom mirror


   Skills:
 - Level 3.2 Fighting
 + Level 19.8 Polearms
 - Level 2.1 Armour
 - Level 3.0 Shields


You had 9 spell levels left.
You didn't know any spells.
Your spell library contained the following spells:

 Spells                   Type           Power      Damage    Failure   Level
 Stone Arrow              Conj/Erth      0%         3d7       100%        3
 Bolt of Magma            Conj/Fire/Erth 0%         4d4       100%        5
 Shatter                  Erth           0%         3d5*      100%        9


Dungeon Overview and Level Annotations

Branches:
Dungeon (9/15)             Temple (1/1) D:4         Ossuary (visited)
   Lair: D:8-11         Orc: D:9-12

Altars:
Cheibriados
Dithmenos
Elyvilon
Fedhas
Hepliaklqana
Kikubaaqudgha
Makhleb
Nemelex Xobeh
Okawaru
Qazlal
Ru
Sif Muna
Trog
Uskayaw
Vehumet
Wu Jian
Xom
Yredelemnul
Zin
The Shining One


Innate Abilities, Weirdness & Mutations

((You are quick and stealthy near water. (Stealth+, EV+, Speed+++)))
Your lower body shifts to a powerful aquatic tail in water.


Message History

The vampire mosquito bites you but does no damage.
The cyan ugly thing bites you! The cyan ugly thing shocks you!
The vampire mosquito bites you.
The vampire mosquito draws strength from your injuries!
You puncture the cyan ugly thing!
The cyan ugly thing is poisoned.
The cyan ugly thing is lightly wounded.
You hit the cyan ugly thing.
The cyan ugly thing looks as sick as possible!
The cyan ugly thing is lightly wounded.
The cyan ugly thing barely misses you.
Unknown command.
You puncture the cyan ugly thing!
The cyan ugly thing looks as sick as possible!
The cyan ugly thing is moderately wounded.
The cyan ugly thing bites you. The cyan ugly thing shocks you!
Unknown command.
You hit the cyan ugly thing.
The cyan ugly thing looks as sick as possible!
The cyan ugly thing is heavily wounded.
The cyan ugly thing bites you but does no damage.
Unknown command.
You hit the cyan ugly thing.
The cyan ugly thing looks as sick as possible!
The cyan ugly thing is heavily wounded.
Unknown command.
You hit the cyan ugly thing but do no damage.
The cyan ugly thing looks as sick as possible!
The cyan ugly thing is heavily wounded.
The cyan ugly thing bites you. The cyan ugly thing shocks you!
* * * LOW HITPOINT WARNING * * *
Unknown command.
The cyan ugly thing bites you.
* * * LOW HITPOINT WARNING * * *
The cyan ugly thing shocks you!
* * * LOW HITPOINT WARNING * * *
There is an open door here.
The cyan ugly thing bites you.
* * * LOW HITPOINT WARNING * * *
The cyan ugly thing shocks you!
You die...

#....###'###+###'#####.
#.####..#.......#..#...
#.##.#..#......รท#..#.#.
#.##.+..'###+###'..'.#.
#y...#..#.+...+.#..#.+.
#.##.#..#.#...#.#..###.
#.##.y##'.#._(#.'##+...
#.##.#u.#.#...#.#..#...
#.##.#@.#.+...+.#..#...
#.##.+..+###'###)).'...
#.####..#..)....#..#...
#....#..#.......#..#...
########'###'###'###...
#....))# #.......
#..(..####.......
#..[.###......... #....#
#...######


You could see a cyan ugly thing (extremely poisoned) and a vampire mosquito.

Vanquished Creatures
  A two-headed ogre (D:7)
  Pikel (D:7)
  A hornet (D:8)
  Sigmund (D:2)
  A vampire (D:8)
  3 yaks (D:8)
  2 water moccasins
  A sky beast (D:6)
  An ice beast (D:7)
  A black bear (D:5)
  2 necrophages (D:5)
  2 orc warriors (D:8)
  A centaur (D:8)
  4 lemures
  A phantom (D:5)
  A kobold brigand (D:7)
  2 elf zombies
  An elf skeleton (D:4)
  3 scorpions
  18 wights
  A howler monkey (D:6)
  2 centaur zombies
  2 hounds (D:5)
  A gnoll shaman (D:6)
  5 orc priests
  Crazy Yiuf (D:2)
  A jelly (D:6)
  5 iguanas
  A human skeleton (D:4)
  Terence (D:2)
  5 orc wizards
  A killer bee zombie (D:6)
  A hound skeleton (D:4)
  2 mummies (Ossuary)
  A howler monkey zombie (D:7)
  6 gnolls
  A howler monkey skeleton (D:6)
  4 adders
  An ufetubus (D:4)
  An adder zombie (Ossuary)
  2 worms
  28 orcs
  8 ball pythons
  2 endoplasms
  5 giant cockroaches
  7 goblins
  8 hobgoblins
  4 jackals (D:4)
  10 kobolds
  6 quokkas
  6 bats
  4 frilled lizards
  A goblin zombie (Ossuary)
  10 hobgoblin zombies (Ossuary)
  2 jackal zombies (Ossuary)
  12 kobold zombies (Ossuary)
  9 orc zombies
  2 rats
  3 rat zombies (Ossuary)
  A spectral goblin (D:1)
221 creatures vanquished.

Notes
Turn   | Place    | Note
-------+----------+-------------------------------------------
     0 | D:1      | zeram the Merfolk Fighter began the quest for the Orb.
     0 | D:1      | Reached XP level 1. HP: 18/18 MP: 1/1
   252 | D:1      | Reached skill level 4 in Polearms
   252 | D:1      | Reached XP level 2. HP: 24/24 MP: 2/2
   555 | D:1      | Found a faded altar of an unknown god.
   849 | D:2      | Noticed Sigmund
   861 | D:2      | Killed Sigmund
   862 | D:2      | Reached skill level 8 in Polearms
   862 | D:2      | Reached XP level 3. HP: 12/29 MP: 3/3
   862 | D:2      | Reached XP level 4. HP: 14/35 MP: 4/4
   862 | D:2      | Reached XP level 5. HP: 17/41 MP: 5/5
  1545 | D:2      | Noticed Terence
  1555 | D:2      | Killed Terence
  1556 | D:2      | Reached XP level 6. HP: 38/47 MP: 6/6
  1900 | D:2      | Reached skill level 9 in Polearms
  1926 | D:2      | Found a runed translucent door.
  1927 | D:2      | Noticed Crazy Yiuf
  1934 | D:2      | Killed Crazy Yiuf
  2143 | D:3      | Found a sacrificial altar of Ru.
  2421 | D:4      | Found a bloodstained altar of Trog.
  2467 | D:4      | Reached skill level 10 in Polearms
  2803 | D:4      | Reached XP level 7. HP: 34/52 MP: 7/7
  2968 | D:4      | Found a staircase to the Ecumenical Temple.
  3059 | D:4      | Reached skill level 11 in Polearms
  3079 | D:4      | Found a sand-covered staircase.
  3114 | Ossuary  | Entered an ossuary
  3354 | Ossuary  | Reached skill level 12 in Polearms
  4062 | D:5      | Entered Level 5 of the Dungeon
  4105 | Temple   | Entered the Ecumenical Temple
  4204 | D:5      | Reached XP level 8. HP: 56/58 MP: 8/8
  4249 | D:5      | Reached skill level 13 in Polearms
  4561 | D:5      | Found an ornate altar of the Wu Jian Council.
  4571 | D:5      | Reached skill level 14 in Polearms
  5386 | D:6      | Reached skill level 15 in Polearms
  5402 | D:6      | Reached XP level 9. HP: 64/64 MP: 9/9
  6089 | D:7      | Reached skill level 16 in Polearms
  6346 | D:7      | Noticed a two-headed ogre
  6375 | D:7      | Killed a two-headed ogre
  6376 | D:7      | Reached skill level 17 in Polearms
  6433 | D:7      | Reached skill level 18 in Polearms
  6433 | D:7      | Reached XP level 10. HP: 70/70 MP: 10/10
  6546 | D:7      | Found a blossoming altar of Fedhas.
  6748 | D:8      | Noticed Pikel
  6842 | D:7      | Killed Pikel
  7029 | D:8      | HP: 3/67 [something (2)]
  7152 | D:8      | Reached skill level 19 in Polearms
  7226 | D:8      | Found a radiant altar of Vehumet.
  7529 | D:9      | Noticed a boulder beetle
  7529 | D:9      | Noticed a five-headed hydra
  7529 | D:9      | Noticed a boulder beetle
  7529 | D:9      | Noticed a cyan ugly thing
  7529 | D:9      | Noticed a centaur warrior
  7530 | D:9      | Noticed a tengu warrior
  7550 | D:8      | HP: 2/69 [cyan ugly thing (15)]
  7552 | D:8      | Mangled by a cyan ugly thing

Illustrated notes

Levels and vault maps discovered:
D:1:      minmay_arrival_split_and_join, layout_rooms,
          dreamdust_ecumenical_altar_drowned_temple, serial_glass,
          glass_columns_b, glass_columns_b, due_unseen_surprise,
          minmay_strange_pillars, minmay_strange_pillars, minmay_strange_pillars
D:2:      layout_basic, minmay_door_square, minmay_distorted,
          uniq_crazy_yiuf_cottage, uniq_terence, uniq_sigmund
D:3:      layout_rooms, mainiacjoe_overflow_concentric_impassable,
          guppyfry_early_lair_pool
D:4:      layout_cave_pods, trog_three_pillars_becter,
          minmay_temple_entry_mini_moons, nicolae_ossuary_entry_catacombs,
          minivault_26, minmay_fractal_squares_gapless_5
D:5:      layout_basic, mainiacjoe_overflow_alcove_2, grunt_ministairs_3
D:6:      layout_loops_cross, small_statue_alley_b
D:7:      layout_rooms, mainiacjoe_overflow_tiny_flanked
D:8:      layout_basic, mainiacjoe_overflow_24_doors, uniq_pikel
D:9:      layout_irregular_city, nicolae_gozag_cash_rules_everything_around_me,
          minmay_lair_entry_grove, orc_0_dummy, kennysheep_cross_room,
          wad_woods_river_04, minivault_28, uniq_psyche
Temple:   eino_wide_crystal_templ

Skill      XL: |  1  2  3  4  5  6  7  8  9 10 |
---------------+-------------------------------+-----
Polearms       | 4 8 10 12 15 18 19 | 19.8
Fighting       | |  3.2
Armour         | |  2.1
Shields        | |  3.0

Action                   |  1- 3 |  4- 6 |  7- 9 | 10-12 || total
-------------------------+-------+-------+-------+-------++-------
Melee: Trident           |    63 |   149 |   518 |   213 ||   943
  Use: Potion            |     1 |       |     3 |       ||     4
       Scroll            |       |     5 |     5 |     4 ||    14
Armor: Scale mail        |    22 |     7 |       |       ||    29
       Plate armour      |       |    38 |   160 |    72 ||   270
Dodge: Dodged            |     8 |    32 |    68 |    44 ||   152
Block: Kite shield       |    22 |    80 |   179 |    87 ||   368
